AoeStats
← Mad King

Arena

508843721Analyzed
1v1 RM · 7d ago on Sep 24, 2026· 41m 52s· 2 players
Game mode
Random Map
Map size
Tiny (2 player)
Population
200
Speed
Normal
Resources
Standard
Victory
Conquest
Starting age
Dark Age
Ending age
Imperial Age
RankedLock teamsTeams togetherTeam positionsShared explorationLock speedFull tech treeHidden civsTurbo modeCheats
Victory
Defeat
🇨🇿 Romans · Czechia
563
+18
🇦🇹 Italians · Austria
609
-18
Mad King
12:41 Feudal Age
14:06 Double-Bit Axe
16:26 Castle Age
14:54 Fletching
17:52 Pikeman
19:57 Crossbowman
20:45 Thumb Ring
31:26 Imperial Age
29:38 Wheelbarrow
29:53 Forging
29:33 Fletching
33:12 Chemistry
34:41 Arbalester
34:41 Arbalester
40:13 Onager
Lightning
11:24 Feudal Age
15:11 Castle Age
13:56 Double-Bit Axe
17:30 Loom
19:16 Wheelbarrow
18:28 Horse Collar
19:22 Gold Mining
20:14 Bow Saw
20:50 Stone Mining
24:16 Squires
25:04 Heavy Plow
25:42 Man-at-Arms
26:28 Scale Mail Armor
26:20 Fletching
26:42 Forging
28:19 Ballistas
27:51 Long Swordsman
32:32 Imperial Age
30:39 Chain Mail Armor
30:21 Bodkin Arrow
33:00 Hand Cart
33:28 Iron Casting
33:01 Scale Barding Armor
34:00 Legionary
34:04 Heavy Scorpion
34:35 Sappers
34:30 Elite Centurion
35:37 Conscription
37:39 Capped Ram
40:34 Siege Ram
Connection lost

Rejoining the realm…

Still unreachable

The connection could not be restored.

Session expired

The server has moved on; the page needs a fresh start.